 Dungeon Crawl Stone Soup version 0.19.1-1-g22dce08 (webtiles) character file.

6600 galech the Grappler (level 10, -5/94 HPs)
             Began as a Troll Berserker on Jan 4, 2017.
             Was a High Priest of Trog.
             Killed from afar by a gargoyle (9 damage)
             ... with a stone arrow
             ... in a labyrinth.
             The game lasted 00:21:25 (6692 turns).

galech the Grappler (Troll Berserker)               Turns: 6692, Time: 00:21:25

Health: -5/94      AC: 10    Str: 34      XL:     10   Next: 71%
Magic:  0/0        EV: 12    Int:  6      God:    Trog [*****.]
Gold:   631        SH:  0    Dex:  8 (9)  Spells: 0 memorised, 9 levels left

rFire  . . .     SeeInvis .       - Unarmed
rCold  . . .     Gourm    +     G - +1 robe "Byulyfokh" {rPois Regen+ Str+3}
rNeg   + . .     Faith    .     (no shield)
rPois  +         Spirit   .     (helmet restricted)
rElec  +         Reflect  .     t - +2 cloak
rCorr  .         Harm     .     (gloves unavailable)
MR     .....                    (boots unavailable)
Stlth  ++........               (no amulet)
                                q - -3 ring of strength (curse)
                                v - ring "Bulureba" {rElec rN+ MP-9 Str+4 Int+3}

@: no status effects
A: unfitting armour, claws 3, deterioration 1, fast metabolism 3, gourmand,
regeneration 1, shaggy fur 2, tough skin 2
a: Berserk, Trog's Hand, Brothers in Arms, Burn Spellbooks, Renounce Religion


You were in a labyrinth.
You worshipped Trog.
Trog was extremely pleased with you.
You were not hungry.

You visited 1 branch of the dungeon, and saw 10 of its levels.
You also visited: Labyrinth.

You collected 631 gold pieces.

Inventory:

Armour
 a - a +0 animal skin
 t - a +2 cloak (worn)
 F - a +2 robe of positive energy
 G - the +1 robe "Byulyfokh" (worn) {rPois Regen+ Str+3}
   (You found it on level 7 of the Dungeon)

   It affects your strength (+3).
   It protects you from poison.
   It increases your rate of regeneration.
 J - a +0 troll leather armour
Jewellery
 f - the ring of the Moon {rElec MR+, unknown}
   (You found it in a labyrinth)

   [ring of protection from magic]

   It insulates you from electricity.
   It affects your resistance to hostile enchantments.
 m - an uncursed ring of ice
 p - a cursed -2 ring of evasion {unknown}
 q - a cursed -3 ring of strength (right claw)
 v - the ring "Bulureba" (left claw) {rElec rN+ MP-9 Str+4 Int+3}
   (You found it on level 4 of the Dungeon)

   [ring of positive energy]

   It affects your strength (+4).
   It affects your intelligence (+3).
   It insulates you from electricity.
   It protects you from negative energy.
   It affects your magic capacity (-9).
 x - an uncursed ring of see invisible {unknown}
 y - an uncursed ring of stealth {unknown}
 A - an uncursed ring of flight {unknown}
 C - an uncursed ring of see invisible {unknown}
Wands
 u - a wand of confusion (18/48)
Scrolls
 c - 2 scrolls of noise
 l - 2 scrolls of teleportation
 o - a scroll of fear
 r - 2 scrolls of enchant weapon
 E - 2 scrolls of recharging
 H - a scroll of enchant armour {unknown}
 K - a scroll of identify
Potions
 d - 3 potions of haste {unknown}
 e - 2 potions of degeneration {unknown}
 g - 3 potions of brilliance {unknown}
 h - 4 potions of cancellation {unknown}
 i - 6 potions of heal wounds {unknown}
 j - 7 potions of curing {unknown}
 k - a potion of ambrosia {unknown}
 s - 2 potions of lignification {unknown}
 w - a potion of flight {unknown}
 z - a potion of magic {unknown}
 B - a potion of berserk rage {unknown}
Comestibles
 b - 10 bread rations
 n - 2 meat rations
 D - a slice of pizza
 I - 8 beef jerkies


   Skills:
 + Level 4.8 Fighting
 + Level 7.5 Dodging
 + Level 1.8 Stealth
 + Level 12.7 Unarmed Combat


You had 9 spell levels left.
You didn't know any spells.

Dungeon Overview and Level Annotations

Branches:
Dungeon (9/15)             Temple (0/1) D:4            Lair (0/6) D:8
    Orc: D:9-12

Altars:
Ashenzari
Dithmenos
Elyvilon
Makhleb
Sif Muna
Uskayaw

Shops:
D:4 %*(!   D:5 }


Innate Abilities, Weirdness & Mutations

You are too large for most types of armour.
You have claws for hands.
Your metabolism is lightning-fast.
You like to eat raw meat.
Your natural rate of healing is unusually fast.
You are covered in thick fur. (AC +2)
You have very tough skin. (AC +2)
Your body sometimes deteriorates upon taking damage.


Message History

You are too injured to fight recklessly!
You are too injured to fight recklessly!
You are too injured to fight recklessly!
You are too injured to fight recklessly!
You are too injured to fight recklessly!
You are too injured to fight recklessly!
You are too injured to fight recklessly!
You are too injured to fight recklessly!
You are too injured to fight recklessly!
You are too injured to fight recklessly!
You are too injured to fight recklessly!
You are too injured to fight recklessly!
You are too injured to fight recklessly!
You are too injured to fight recklessly!
The gargoyle hurls a stone arrow at you.
The stone arrow hits you!
* * * LOW HITPOINT WARNING * * *
The gargoyle hurls a stone arrow at you.
The stone arrow hits you!
You die...

▓ ### ####
. #.# ...
▓. ##.###.#
▓. #.@.99#
▓##.....9.#
▓...#####.#
▓#..# .#
▓.. # ..
▓.#.# .#.#
. .## #...#
▓##.......#
# ▓...# #
...


You could see 3 gargoyles.

Vanquished Creatures
  The ghost of markt42 the Basher, a novice GrFi of Okawaru (D:8)
  A gargoyle (Lab)
  A troll (D:8)
  A minotaur skeleton (Lab)
  4 redbacks (Lab)
  Eustachio (D:5)
  A wyvern (D:8)
  4 basilisks (Lab)
  8 hungry ghosts
  A water moccasin (D:6)
  A hornet zombie (D:8)
  2 orc warriors (D:7)
  2 sky beasts
  2 wolves (D:8)
  A centaur (D:7)
  2 ogres
  A big kobold (D:8)
  A bullfrog (D:9)
  A wyvern zombie (D:7)
  A wyvern skeleton (D:6)
  3 scorpions
  3 killer bees (D:9)
  A howler monkey (D:5)
  An electric eel (D:8)
  10 hounds
  2 jellies
  Crazy Yiuf (D:3)
  3 centaur skeletons
  7 orc priests
  7 orc wizards
  An iguana (D:8)
  2 worker ants (D:6)
  A killer bee zombie (D:8)
  A hound zombie (D:5)
  2 hound skeletons (D:7)
  A worker ant zombie (D:6)
  9 gnolls
  9 adders
  5 shadow imps
  An ooze (D:3)
  2 worms
  A dart slug (D:2)
  4 leopard geckos
  35 orcs
  A ball python (D:6)
  5 giant cockroaches
  11 goblins
  6 hobgoblins
  6 jackals
  5 kobolds
  4 quokkas
  7 bats
  6 frilled lizards
  A jackal zombie (D:8)
  A leopard gecko skeleton (D:7)
  5 rats
207 creatures vanquished.

Vanquished Creatures (others)
  A kobold (D:8)
1 creature vanquished.

Grand Total: 208 creatures vanquished

Notes
Turn   | Place    | Note
-------+----------+-------------------------------------------
     0 | D:1      | galech the Troll Berserker began the quest for the Orb.
     0 | D:1      | Reached XP level 1. HP: 22/22 MP: 0/0
    55 | D:1      | Reached XP level 2. HP: 19/29 MP: 1/1
   818 | D:2      | Reached XP level 3. HP: 36/36 MP: 2/2
   880 | D:2      | Reached ** piety under Trog
  1629 | D:3      | Reached XP level 4. HP: 45/45 MP: 3/3
  1641 | D:3      | Reached skill level 4 in Unarmed Combat
  1682 | D:3      | Found a shadowy altar of Dithmenos.
  2008 | D:3      | Found a runed door.
  2131 | D:3      | Noticed Crazy Yiuf
  2137 | D:3      | Killed Crazy Yiuf
  2137 | D:3      | Reached XP level 5. HP: 34/53 MP: 4/4
  2173 | D:4      | Found Kyedyopi's Assorted Antiques.
  2173 | D:4      | Found a staircase to the Ecumenical Temple.
  2219 | D:4      | Found a burning altar of Makhleb.
  2256 | D:4      | Got a clouded golden ring
  2264 | D:4      | Identified the ring "Bulureba" {rElec rN+ MP-9 Str+4 Int+3} (You found it on level 4 of the Dungeon)
  2279 | D:4      | Found Zaqihut's Distillery.
  2414 | D:4      | Found Zupt's Food Emporium.
  2513 | D:4      | Found Xoes Gull's Antique Weapon Boutique.
  2745 | D:5      | Entered Level 5 of the Dungeon
  2902 | D:5      | Reached skill level 5 in Unarmed Combat
  3075 | D:5      | Noticed Eustachio
  3081 | D:5      | Killed Eustachio
  3081 | D:5      | Reached XP level 6. HP: 58/61 MP: 0/5
  3126 | D:5      | Found Giuvu's Gadget Shop.
  3258 | D:5      | Found a deep blue altar of Sif Muna.
  3421 | D:6      | Reached *** piety under Trog
  3458 | D:6      | Reached skill level 1 in Stealth
  3458 | D:6      | Reached skill level 6 in Unarmed Combat
  3476 | D:6      | Reached XP level 7. HP: 55/67 MP: 0/6
  3611 | D:6      | Found a white marble altar of Elyvilon.
  3738 | D:6      | Gained mutation: Your body sometimes deteriorates upon taking damage. [mutagenic meat]
  3739 | D:6      | Gained mutation: You are covered in thick fur. (AC +2) [mutagenic meat]
  3795 | D:6      | Reached skill level 7 in Unarmed Combat
  4261 | D:7      | Reached XP level 8. HP: 54/75 MP: 0/7
  4285 | D:7      | Reached **** piety under Trog
  4430 | D:7      | Reached skill level 8 in Unarmed Combat
  4453 | D:7      | Got a fine robe
  4464 | D:7      | Identified the +1 robe "Byulyfokh" {rPois Regen+ Str+3} (You found it on level 7 of the Dungeon)
  4568 | D:7      | Reached skill level 5 in Dodging
  5033 | D:7      | Reached skill level 9 in Unarmed Combat
  5041 | D:8      | Noticed markt42's ghost (novice GrFi)
  5174 | D:8      | Killed markt42's ghost
  5174 | D:8      | Reached skill level 10 in Unarmed Combat
  5174 | D:8      | Reached XP level 9. HP: 51/84 MP: 0/8
  5223 | D:8      | Found a staircase to the Lair.
  5271 | D:8      | Reached ***** piety under Trog
  5283 | D:8      | Noticed a troll
  5293 | D:8      | Killed a troll
  5293 | D:8      | Reached skill level 11 in Unarmed Combat
  5833 | D:9      | Reached XP level 10. HP: 70/93 MP: 0/9
  5908 | D:9      | Found a shattered altar of Ashenzari.
  5911 | D:9      | Found a hide-covered altar of Uskayaw.
  5925 | D:9      | You fall through a shaft for 3 floors!
  5925 | D:12     | Found a labyrinth entrance.
  5929 | D:12     | Noticed a brown ugly thing
  5935 | Lab      | Entered a labyrinth
  6126 | Lab      | Got a serpentine copper ring
  6240 | Lab      | Reached skill level 12 in Unarmed Combat
  6678 | Lab      | Noticed a gargoyle
  6679 | Lab      | Noticed a gargoyle
  6679 | Lab      | Noticed a gargoyle
  6683 | Lab      | Killed a gargoyle
  6683 | Lab      | Received a gift from Trog
  6685 | Lab      | Noticed a gargoyle
  6691 | Lab      | HP: 3/94 [gargoyle/stone arrow (8)]
  6692 | Lab      | Killed from afar by a gargoyle

Skill      XL: |  1  2  3  4  5  6  7  8  9 10 |
---------------+-------------------------------+-----
Dodging        | 3 4 5 6 7 |  7.5
Fighting       | 3 4 |  4.8
Unarmed Combat | 4 5 6 7 10 11 12 | 12.7
Stealth        | 1 |  1.8

Action                   |  1- 3 |  4- 6 |  7- 9 | 10-12 || total
-------------------------+-------+-------+-------+-------++-------
Melee: Unarmed           |    93 |   124 |   336 |   113 ||   666
       Punch             |     1 |     1 |    11 |     6 ||    19
Invok: Berserk           |       |       |     1 |       ||     1
  Use: Scroll            |       |     5 |     1 |     1 ||     7
 Stab: Sleeping          |       |       |     1 |     1 ||     2
  Eat: Chunk             |    20 |    17 |    30 |     1 ||    68
       Bread ration      |       |       |       |     4 ||     4
Armor: Animal skin       |    33 |    33 |    40 |       ||   106
       Robe              |       |       |    83 |    32 ||   115
Dodge: Dodged            |    51 |    54 |   174 |    42 ||   321
